AoeStats
← the.rock.one

Oasis

509139591Analyzed
4v4 RM · 7d ago on Sep 25, 2026· 30m 49s· 8 players
Game mode
Random Map
Map size
Large (8 player)
Population
200
Speed
Normal
Resources
Standard
Victory
Conquest
Starting age
Dark Age
Ending age
Imperial Age
RankedLock teamsTeams togetherTeam positionsShared explorationLock speedFull tech treeHidden civsTurbo modeCheats
Victory
Defeat
🇲🇲 Ethiopians · Myanmar (Burma)
1211
+14
🇧🇷 Khmer · Brazil
1171
+15
🇹🇷 Huns · Türkiye
1156
+16
🇺🇸 Hindustanis · United States
1106
+18
🇩🇪 Italians · Germany
1421
-24
🇩🇪 Saxons · Germany
1325
-22
🇩🇪 Berbers · Germany
1095
-13
🇩🇪 Turks · Germany
778
-4
LaLoLo
10:17 Feudal Age
11:48 Double-Bit Axe
17:47 Castle Age
17:41 Bloodlines
18:49 Loom
19:54 Scale Barding Armor
20:13 Forging
20:23 Husbandry
24:46 Chain Barding Armor
28:11 Wheelbarrow
27:29 Horse Collar
Murschann
3:58 Loom
10:37 Feudal Age
11:52 Double-Bit Axe
16:01 Horse Collar
27:16 Castle Age
26:57 Fletching
27:17 Crossbowman
28:01 Bodkin Arrow
29:25 Thumb Ring
ulles
7:53 Loom
10:00 Feudal Age
11:12 Double-Bit Axe
11:09 Horse Collar
17:30 Fletching
19:48 Padded Archer Armor
26:32 Castle Age
26:34 Crossbowman
27:13 Bodkin Arrow
31:09 Scale Mail Armor
the.rock.one
11:45 Loom
13:31 Feudal Age
11:50 Loom
15:01 Loom
15:27 Double-Bit Axe
15:38 Stone Mining
15:32 Horse Collar
16:21 Gold Mining
18:56 Scale Barding Armor
19:04 Forging
25:30 Bloodlines
25:14 Fletching
25:25 Padded Archer Armor
29:29 Castle Age
MonsterSmeat
10:51 Feudal Age
11:46 Loom
13:24 Forging
13:29 Bloodlines
17:07 Scale Barding Armor
21:05 Castle Age
19:41 Wheelbarrow
19:00 Gold Mining
19:21 Horse Collar
19:29 Double-Bit Axe
21:54 Husbandry
22:19 Light Cavalry
23:48 Bow Saw
26:31 Gold Shaft Mining
26:02 Heavy Plow
28:50 Iron Casting
ABCD
6:57 Loom
9:52 Feudal Age
10:33 Double-Bit Axe
17:45 Horse Collar
24:11 Castle Age
26:05 Fletching
26:16 Padded Archer Armor
26:37 Bow Saw
26:20 Gold Mining
26:25 Stone Mining
28:39 Wheelbarrow
Bilugo
6:42 Loom
8:53 Feudal Age
9:53 Double-Bit Axe
16:51 Wheelbarrow
21:39 Castle Age
20:06 Scale Barding Armor
20:11 Forging
19:56 Gold Mining
20:18 Bloodlines
23:04 Chain Barding Armor
24:20 Bow Saw
25:40 Horse Collar
26:46 Iron Casting
Oo_Lay_Gyi
6:30 Loom
10:09 Feudal Age
11:23 Double-Bit Axe
14:45 Fletching
20:59 Castle Age
18:43 Horse Collar
18:56 Gold Mining
20:42 Padded Archer Armor
21:05 Crossbowman
21:42 Bodkin Arrow
22:12 Bow Saw
22:47 Leather Archer Armor
27:57 Ballistics
30:10 Heavy Plow
30:46 Wheelbarrow
Connection lost

Rejoining the realm…

Still unreachable

The connection could not be restored.

Session expired

The server has moved on; the page needs a fresh start.